 Dungeon Crawl Stone Soup version 0.26.1-2-gb8aa6d0cf2 (webtiles) character file.

Game seed: 6974560691615579455

16282 krautsourced the Cleaver (level 12, -3/162 HPs)
             Began as a Minotaur Berserker on Mar 20, 2021.
             Was a High Priest of Trog.
             Slain by a hog (9 damage)
             ... led by Kirke
             ... on level 4 of the Lair of Beasts.
             The game lasted 00:29:05 (10800 turns).

krautsourced the Cleaver (Minotaur Berserker)      Turns: 10800, Time: 00:29:07

Health: -3/162     AC:  0    Str: 26    XL:     12   Next: 8%
Magic:  11/11      EV: 16    Int:  4    God:    Trog [*****.]
Gold:   764        SH:  0    Dex: 11    Spells: 11/11 levels left

rFire    . . .     SeeInvis .   (weapon currently unavailable)
rCold    . . .     Faith    .   (shield currently unavailable)
rNeg     . . .     Spirit   .   (armour currently unavailable)
rPois    .         Reflect  .   (helmet currently unavailable)
rElec    .         Harm     .   (cloak currently unavailable)
rCorr    .         Rampage  .   (gloves currently unavailable)
Will     .....                  (boots currently unavailable)
Stlth    ..........             (no amulet)
HPRegen  0.37/turn              (ring currently unavailable)
MPRegen  0.12/turn              (ring currently unavailable)

@: berserking, lethally poisoned (-3 -> -10), pig-form, very quick
A: small, (retaliatory headbutt)
a: Renounce Religion, Berserk, Trog's Hand, Brothers in Arms


You were on level 4 of the Lair of Beasts.
You worshipped Trog.
Trog was extremely pleased with you.
You were a filthy swine.
You visited 2 branches of the dungeon, and saw 13 of its levels.

You collected 995 gold pieces.
You spent 231 gold pieces at shops.

Inventory:

Hand Weapons
 b - a +3 antimagic executioner's axe
 s - a +9 vampiric hand axe (melded)
 x - a +2 vorpal flail
Armour
 q - a +0 pair of gloves (melded)
 v - a +2 kite shield (melded)
 A - a +2 plate armour (melded)
 G - a +2 cloak of preservation (melded)
Jewellery
 i - a +4 ring of slaying (melded)
 n - a +4 ring of evasion (melded)
 z - an uncursed ring of poison resistance
 J - a +4 ring of protection {unknown}
 M - an uncursed ring of ice
 P - an uncursed ring of willpower {unknown}
 Q - an uncursed ring of stealth {unknown}
Wands
 a - a wand of enslavement (5)
 e - a wand of disintegration (7)
 l - a wand of flame (74)
 B - a wand of acid (13)
 C - a wand of random effects (29)
 L - a wand of iceblast (17)
 R - a wand of polymorph (9)
Scrolls
 f - 3 scrolls of identify
 m - 3 scrolls of blinking
 o - 4 scrolls of magic mapping
 p - 6 scrolls of remove curse
 t - 2 scrolls of fog {unknown}
 u - 4 scrolls of immolation
 y - 6 scrolls of amnesia {unknown}
 E - a scroll of torment {unknown}
 I - 2 scrolls of teleportation
 K - 2 scrolls of enchant weapon
 O - a scroll of brand weapon {unknown}
 S - a scroll of silence {unknown}
Potions
 c - a potion of invisibility {unknown}
 d - 4 potions of brilliance
 g - 2 potions of flight {unknown}
 h - 2 potions of haste {unknown}
 j - a potion of resistance {unknown}
 k - 5 potions of heal wounds
 r - 3 potions of cancellation {unknown}
 w - 7 potions of curing
 D - 3 potions of ambrosia {unknown}
 F - a potion of lignification {unknown}
 H - 4 potions of degeneration {unknown}
 N - a potion of magic {unknown}


   Skills:
 + Level 10.9 Fighting
 + Level 13.4(13.9) Axes
 + Level 6.3(10.8) Maces & Flails
 + Level 11.1 Armour
 + Level 4.9 Dodging
 + Level 2.7 Stealth
 + Level 8.7 Shields


You had 11 spell levels left.
You didn't know any spells.
Your spell library contained the following spells:

 Spells                   Type           Power        Failure   Level
 Foxfire                  Conj/Fire      0%           50%         1
 Conjure Flame            Conj/Fire      0%           86%         3
 Inner Flame              Hex/Fire       0%           86%         3
 Sticky Flame             Conj/Fire      0%           99%         4
 Fireball                 Conj/Fire      0%           100%        5


Dungeon Overview and Level Annotations

Branches:
Dungeon (9/15)             Temple (0/1) D:6            Lair (4/6) D:9
  Snake (0/4) Lair:4
  Swamp: Lair:2-4    Shoals: Lair:2-4       Orc: D:9-12

Altars:
Cheibriados
Fedhas
Nemelex Xobeh
Okawaru
Qazlal
Trog
Wu Jian
Xom
The Shining One

Shops:
D:5 (}?

Annotations:
Lair:4 Kirke


Innate Abilities, Weirdness & Mutations

((You reflexively headbutt those who attack you in melee.))
((You have a pair of horns on your head.))


Message History

You feel sick. The harpy claws you. The harpy completely misses you.
The harpy claws you! The harpy misses you. The hog bites you.
The blink frog hits you!
* * * LOW HITPOINT WARNING * * *
The blink frog blinks!
You are too berserk!
You closely miss Kirke.
Kirke is almost dead.
You feel sick.
The harpy screeches!
The harpy closely misses you.
The harpy misses you. x2; The harpy claws you!
* * * LOW HITPOINT WARNING * * *
The cane toad completely misses you. Kirke casts a spell at you.
You struggle to resist.
The blink frog barely misses you. The harpy claws you!
* * * LOW HITPOINT WARNING * * *
The harpy barely misses you. x2; The harpy claws you!
* * * LOW HITPOINT WARNING * * *
The blink frog blinks!
The hog bites you!
You die...

#......P##.
.........######.....###.
.....≈≈≈≈≈≈.###.....# ##
.....≈≈≈≈≈≈≈.##.....# ##
...≈≈≈≈..≈≈≈≈......## #.
..≈≈≈≈≈.≈..≈≈≈.†...# #.#
..≈≈≈.Fh..≈.≈≈.....# ###
...≈≈.F@h...≈≈.....## #
#P≈≈FHhF...≈≈......# #
.P.≈≈≈HF...≈≈≈......# #
....≈≈≈../≈≈≈.......# #
.###.F≈≈§≈≈≈.#.....##.##
##.≈≈≈≈≈.##..........
#....≈P####>........
#....≈## #.........
#.§..## .....P.... #....
.....PP####


You could see Kirke, a cane toad, 2 harpies, 2 hogs and 5 blink frogs.

Vanquished Creatures
  Fannar (Lair:2)
  A boulder beetle (Lair:2)
  Sonja (Lair:2)
  2 black mambas
  Maurice (D:8)
  6 cane toads
  3 rime drakes
  6 komodo dragons
  A troll (D:9)
  The ghost of Descartes the Chiller, an amateur DEWn (D:4)
  The ghost of DearestLeader the Sneak, an amateur SpEn of Dithmenos (D:4)
  17 yaks
  A hog (Lair:4)
  The ghost of grovkorv the Bolt Thrower, an amateur GrHu of Okawaru (D:4)
  5 water moccasins
  An ice beast (D:2)
  6 orc warriors
  A phantom (D:6)
  5 black bears
  3 ogres
  A necrophage (D:8)
  18 wolves
  A centaur (D:9)
  10 bullfrogs
  A water moccasin zombie (D:5)
  A water moccasin skeleton (D:9)
  3 scorpions
  5 killer bees (D:8)
  2 jellies
  3 bullfrog skeletons
  2 orc priests
  A centaur skeleton (D:8)
  4 hounds
  11 orc wizards
  An iguana (D:8)
  Natasha (thrice) (D:4)
  9 worker ants
  A hound skeleton (D:2)
  A howler monkey zombie (D:5)
  A worker ant zombie (D:8)
  12 gnolls
  2 howler monkey skeletons
  14 adders
  2 shadow imps
  2 white imps
  An ufetubus (D:9)
  An ooze (D:2)
  An adder skeleton (D:8)
  3 worms
  2 dart slugs
  10 leopard geckos
  34 orcs
  4 ball pythons
  6 bats
  6 giant cockroaches
  8 goblins
  11 hobgoblins
  3 quokkas
  5 frilled lizards
  8 kobolds
  A leopard gecko skeleton (D:4)
  A quokka skeleton (D:6)
  12 rats
292 creatures vanquished.

Vanquished Creatures (others)
  5 fungi
  27 plants
32 creatures vanquished.

Grand Total: 324 creatures vanquished

Notes
Turn   | Place    | Note
-------+----------+-------------------------------------------
     0 | D:1      | krautsourced the Minotaur Berserker began the quest for the
                  | Orb.
     0 | D:1      | Reached XP level 1. HP: 19/19 MP: 0/0
   157 | D:1      | Reached XP level 2. HP: 27/27 MP: 1/1
   464 | D:1      | Reached ** piety under Trog
   489 | D:1      | Reached XP level 3. HP: 30/34 MP: 2/2
   881 | D:2      | Reached XP level 4. HP: 23/41 MP: 3/3
  1200 | D:2      | Reached skill level 5 in Fighting
  1200 | D:2      | Reached XP level 5. HP: 44/48 MP: 4/4
  1421 | D:2      | Reached skill level 5 in Maces & Flails
  1672 | D:2      | Reached *** piety under Trog
  1857 | D:2      | Noticed an ice beast
  1870 | D:2      | Killed an ice beast
  1871 | D:2      | Reached XP level 6. HP: 56/56 MP: 5/5
  1875 | D:2      | Found an iron altar of Okawaru.
  2397 | D:3      | Found an ornate altar of the Wu Jian Council.
  2772 | D:4      | Noticed grovkorv's ghost (amateur GrHu)
  2772 | D:4      | Noticed Descartes's ghost (amateur DEWn)
  2772 | D:4      | Noticed DearestLeader's ghost (amateur SpEn)
  2773 | D:4      | Found a runed translucent gate.
  2773 | D:4      | Found a runed translucent gate.
  2773 | D:4      | Found a runed translucent gate.
  2809 | D:4      | Reached skill level 1 in Axes
  2928 | D:4      | Reached **** piety under Trog
  2929 | D:4      | Reached skill level 2 in Axes
  2929 | D:4      | Reached XP level 7. HP: 30/62 MP: 6/6
  3080 | D:4      | Found a sparkling altar of Nemelex Xobeh.
  3085 | D:4      | Found a snail-covered altar of Cheibriados.
  3088 | D:4      | Found a shimmering altar of Xom.
  3163 | D:4      | Noticed Natasha
  3171 | D:4      | Killed Natasha
  3248 | D:4      | Noticed Natasha
  3256 | D:4      | Killed Natasha
  3257 | D:4      | Reached skill level 5 in Armour
  3268 | D:4      | Reached skill level 1 in Shields
  3269 | D:4      | Noticed Natasha
  3276 | D:4      | Killed Natasha
  3277 | D:4      | Reached skill level 3 in Axes
  3765 | D:4      | Killed Descartes's ghost
  3766 | D:4      | Reached skill level 4 in Axes
  3766 | D:4      | Reached skill level 1 in Stealth
  3768 | D:4      | Killed DearestLeader's ghost
  3769 | D:4      | Reached XP level 8. HP: 70/70 MP: 7/7
  3771 | D:4      | Killed grovkorv's ghost
  3772 | D:4      | Reached skill level 5 in Axes
  3832 | D:5      | Entered Level 5 of the Dungeon
  4030 | D:5      | Found Etuytyn's Gadget Shoppe.
  4155 | D:5      | Reached skill level 6 in Axes
  4299 | D:5      | Found Gitet's Magic Scroll Boutique.
  4302 | D:5      | Bought a scroll of identify for 28 gold pieces
  4302 | D:5      | Bought a scroll of enchant weapon for 105 gold pieces
  4302 | D:5      | Bought a scroll of identify for 28 gold pieces
  4302 | D:5      | Bought a scroll of remove curse for 42 gold pieces
  4302 | D:5      | Bought a scroll of identify for 28 gold pieces
  4350 | D:5      | Found Jikhuu Xepon's Weapon Emporium.
  4579 | D:6      | Found a staircase to the Ecumenical Temple.
  4703 | D:6      | Found a glowing golden altar of the Shining One.
  4739 | D:6      | Found a sparkling altar of Nemelex Xobeh.
  4749 | D:6      | Reached ***** piety under Trog
  4842 | D:6      | Found a blossoming altar of Fedhas.
  5086 | D:7      | Found Ishihu's Book Emporium.
  5091 | D:7      | Reached skill level 7 in Axes
  5093 | D:7      | Reached XP level 9. HP: 75/75 MP: 8/8
  5541 | D:7      | Found a bloodstained altar of Trog.
  6001 | D:8      | Noticed Maurice
  6006 | D:8      | Killed Maurice
  6007 | D:8      | Reached skill level 8 in Axes
  6014 | D:8      | Reached skill level 5 in Shields
  6140 | D:8      | Reached skill level 9 in Axes
  6223 | D:8      | Received a gift from Trog
  6523 | D:8      | Reached skill level 10 in Axes
  6707 | D:8      | Reached XP level 10. HP: 88/88 MP: 9/9
  6927 | D:9      | Found a staircase to the Lair.
  7788 | Lair:1   | Entered Level 1 of the Lair of Beasts
  7799 | Lair:1   | Noticed a cane toad
  7807 | Lair:1   | Killed a cane toad
  7877 | Lair:1   | Reached skill level 11 in Axes
  7892 | Lair:1   | Noticed a cane toad
  7899 | Lair:1   | Killed a cane toad
  8002 | Lair:1   | Noticed a cane toad
  8007 | Lair:1   | Killed a cane toad
  8137 | Lair:1   | Noticed a cane toad
  8143 | Lair:1   | Killed a cane toad
  8217 | Lair:1   | Noticed a black mamba
  8224 | Lair:1   | Killed a black mamba
  8225 | Lair:1   | Reached XP level 11. HP: 97/97 MP: 10/10
  8813 | Lair:2   | Reached skill level 12 in Axes
  9031 | Lair:2   | Noticed Fannar
  9032 | Lair:2   | Noticed Sonja
  9034 | Lair:2   | Noticed a boulder beetle
  9041 | Lair:2   | Reached skill level 10 in Fighting
  9047 | Lair:2   | Killed Fannar
  9048 | Lair:2   | Reached skill level 10 in Armour
  9055 | Lair:2   | Killed a boulder beetle
  9189 | Lair:2   | Reached skill level 13 in Axes
  9947 | Lair:2   | Killed Sonja
 10227 | Lair:3   | Received a gift from Trog
 10601 | Lair:4   | Found a stormy altar of Qazlal.
 10620 | Lair:4   | Reached XP level 12. HP: 108/108 MP: 11/11
 10764 | Lair:4   | Found a staircase to the Snake Pit.
 10781 | Lair:4   | Noticed Kirke
 10800 | Lair:4   | HP: 6/162 [harpy[Kirke] (13)]
 10800 | Lair:4   | Slain by a hog

Illustrated notes

Levels and vault maps discovered:
D:1:      dpeg_arrival_water_temple_mockup, layout_rooms, dk_noncrumbling_4,
          amcnicky_mini_rare_corridor_liquid
D:2:      minmay_angry_zag, layout_loops_ring, okawaru_altar_gauntlet_db,
          serial_bayou, serial_bayou_shore_b, serial_bayou_pond_b,
          serial_bayou_pond_a, serial_bayou_pond_b
D:3:      layout_basic, pdpol_wu_jian_five_deadly_venoms
D:4:      layout_rooms, grunt_temple_overflow_open, gammafunk_ghost_cemetery,
          minmay_cupped, uniq_natasha
D:5:      layout_cave_pools, serial_shops, shop, shop, kennysheep_mini_moat
D:6:      layout_basic, nicolae_overflow_crystal_walls, fedhas_ov_isle_minmay,
          minmay_temple_entry_tees, minmay_ruined_shrine
D:7:      layout_gridville, trog_ov_bears_minmay, serial_shops, shop
D:8:      layout_loops_ring, uniq_maurice
D:9:      layout_loops_cross, david_lair_shrubbed, hex_large
Lair:1:   beast_lair_carwin_large_2, layout_regular_city,
          chequers_serial_rivers_micro_e
Lair:2:   layout_cave_pods, grunt_megastairs_2, lemuel_fruit_tree, uniq_fannar,
          uniq_sonja
Lair:3:   layout_roguey
Lair:4:   layout_long_grid, elwin_shoals_entry_rocks,
          guppyfry_snake_entry_island, basic_altar, minmay_lair_oklob_chamber,
          uniq_snorg, uniq_kirke

Skill      XL: |  1  2  3  4  5  6  7  8  9 10 11 12 |
---------------+-------------------------------------+-----
Fighting       | 4 5 6 7 9 10 | 10.9
Maces & Flails | 4 5 6 |  6.3
Armour         | 3 4 5 6 7 9 10 11 | 11.1
Dodging        | 3 4 |  4.9
Axes           | 2 4 7 10 11 13 | 13.4
Shields        | 1 4 5 7 8 |  8.7
Stealth        | 1 2 |  2.7

Action                   |  1- 3 |  4- 6 |  7- 9 | 10-12 || total
-------------------------+-------+-------+-------+-------++-------
Melee: Mace              |    45 |    96 |       |       ||   141
       Headbutt          |     7 |    33 |    49 |    54 ||   143
       Hand axe          |       |    57 |   241 |   248 ||   546
       Unarmed           |       |       |       |    12 ||    12
Invok: Berserk           |       |     1 |     6 |     3 ||    10
  Use: Scroll            |       |     9 |    15 |     6 ||    30
       Potion            |       |       |       |     1 ||     1
 Stab: Sleeping          |     1 |       |       |       ||     1
Armor: Ring mail         |    17 |    37 |    42 |       ||    96
       Plate armour      |       |       |    26 |    87 ||   113
Dodge: Dodged            |    38 |    95 |    81 |    94 ||   308
Block: Buckler           |       |     9 |       |       ||     9
       Kite shield       |       |     6 |    72 |   115 ||   193
